 Dungeon Crawl Stone Soup version 0.18-a0-952-g309898a (webtiles) character file.

129 sugabear the Cudgeler (level 5, 0/26 HPs)
             Began as a Vine Stalker Gladiator on Jan 1, 2016.
             Slain by an orc wizard
             ... wielding a +0 dagger
              (3 damage)
             ... on level 3 of the Dungeon.
             The game lasted 00:02:33 (1979 turns).

sugabear the Cudgeler (Vine Stalker Gladiator)      Turns: 1979, Time: 00:02:33

Health: 0/26       AC:  7    Str: 19    XL:     5   Next: 12%
Magic:  0/6        EV: 12    Int:  8    God:
Gold:   114        SH:  0    Dex: 14    Spells: 0 memorised, 4 levels left

rFire  . . .     SeeInvis .     a - +0 flail
rCold  . . .     Gourm    .     l - +0 ring mail
rNeg   . . .     Faith    .     (no shield)
rPois  .         Spirit   +     c - +0 helmet
rElec  .         Dismiss  .     (no cloak)
rCorr  .         Reflect  .     p - +0 pair of gloves
SustAt .         Harm     .     (no boots)
MR     .....                    (no amulet)
Stlth  +.........               (no ring)
                                (no ring)

@: not resistant to hostile enchantments, very unstealthy
A: fangs 2, regeneration 1, magic shield, antimagic bite, no device heal 3, rot
immunity
a: no special abilities


You were on level 3 of the Dungeon.
You were not hungry.

You visited 1 branch of the dungeon, and saw 3 of its levels.

You collected 114 gold pieces.

Inventory:

Hand Weapons
 a - a +0 flail (weapon)
Missiles
 d - 3 throwing nets (quivered)
Armour
 c - a +0 helmet (worn)
 l - a +0 ring mail (worn)
 p - a +0 pair of gloves (worn)
Jewellery
 i - an uncursed ring of protection from magic {unknown}
Wands
 w - a wand of confusion (27/48)
Scrolls
 b - a scroll of magic mapping {unknown}
 g - a scroll of immolation {unknown}
 h - a scroll of random uselessness {unknown}
 k - a scroll of enchant weapon {unknown}
 n - 2 scrolls of blinking {unknown}
 r - a scroll of teleportation {unknown}
 s - a scroll of recharging {unknown}
 t - a scroll of amnesia {unknown}
 u - a scroll of identify {unknown}
 y - a scroll of fog {unknown}
Potions
 e - a potion of invisibility {unknown}
 j - a potion of degeneration {unknown}
 m - 2 potions of cancellation {unknown}
 q - 3 potions of heal wounds {unknown}
 x - a potion of ambrosia {unknown}
 z - a potion of curing {unknown}
Comestibles
 f - 2 bread rations
 o - a meat ration
 v - 5 chunks of flesh


   Skills:
 + Level 2.2 Fighting
 + Level 3.6 Maces & Flails
 + Level 1.7 Throwing
 + Level 1.3 Armour
 + Level 3.4 Dodging
 + Level 0.6 Stealth


You had 4 spell levels left.
You didn't know any spells.

Dungeon Overview and Level Annotations

Branches:
Dungeon (3/15)

Altars:


Innate Abilities, Weirdness & Mutations

You have extremely sharp teeth.
Your natural rate of healing is unusually fast.
When hurt, damage is shared between your health and your magic reserves.
Your bite disrupts and absorbs the magic of your enemies.
Potions and wands cannot restore your health.
You are immune to rotting.


Message History

You kill the orc priest!
You have reached level 5!
The orc misses you. The orc wizard closely misses you.
The orc barely misses you.
You sock the orc wizard!
You bite the orc wizard, but do no damage.
The orc wizard is heavily wounded.
The orc wizard closely misses you. x2
The orc barely misses you. The orc closely misses you.
The orc wizard hits you with a dagger.
* * * LOW HITPOINT WARNING * * *
The orc wizard hits you with a dagger.
* * * LOW HITPOINT WARNING * * *
The orc wizard looks braver for a moment.
The orc wizard casts a spell at you. The puff of frost hits you!
* * * LOW HITPOINT WARNING * * *
Unknown command.
The orc wizard hits you with a dagger.
You die...

..# #. #. ######... +. #.
#....##.# ###.
.###.####+##....##.# #.+.
................##.# #.#.
................##.###...
................##†#.....
.......o........##.###.##
.....!oo@................
#......)o.....####.###.#.
#.............# #.###.#.
#.............# #.....#+
#.............# #####...
#############.# #... #.#
#... #'# #... ... #...


You could see 2 orc wizards and 2 orcs.

Vanquished Creatures
  An orc priest (D:3)
  Jessica (D:2)
  2 adders
  A worm (D:2)
  2 giant geckos
  8 bats
  3 giant cockroaches
  5 goblins
  9 hobgoblins
  8 jackals
  4 kobolds
  A quokka (D:2)
  A giant newt (D:1)
  6 rats
52 creatures vanquished.

Notes
Turn   | Place    | Note
--------------------------------------------------------------
     0 | D:1      | sugabear the Vine Stalker Gladiator began the quest for the Orb.
     0 | D:1      | Reached XP level 1. HP: 11/11 MP: 2/2
   270 | D:1      | Reached skill level 3 in Maces & Flails
   270 | D:1      | Reached XP level 2. HP: 15/15 MP: 3/3
   483 | D:1      | Reached XP level 3. HP: 18/18 MP: 4/4
   901 | D:2      | Noticed Jessica
   922 | D:2      | Killed Jessica
   952 | D:2      | Reached XP level 4. HP: 17/23 MP: 3/5
  1681 | D:3      | Reached skill level 1 in Armour
  1975 | D:3      | Reached XP level 5. HP: 7/26 MP: 2/6
  1979 | D:3      | Slain by an orc wizard

Vault maps used:
D:1:      minmay_arrival_nine_rooms
D:2:      uniq_jessica

Action                   |  1- 3 |  4- 6 || total
-------------------------+-------+-------++-------
Melee: Flail             |    78 |    67 ||   145
 Stab: Sleeping          |     1 |       ||     1
  Eat: Chunk             |       |     4 ||     4
